Cogmind - Beta 10.2 @@@ ROGUE MODE // 2021.10.06 @ 13:39:01 Player: ktur Result: Self-destructed Performance ------------- Evolutions (1) 500 Regions Visited (2) 400 Robots Destroyed (17) 85 Value Destroyed (403) 403 Prototype IDs (0) 0 Alien Tech Used (0) 0 Bonus (10) 10 TOTAL SCORE: 1398 Bonus ------- High Alert Combat Kills 10 Cogmind --------- Core Integrity 252/400 Matter 130/300 Energy 156/250 System Corruption 0% Temperature Cool (9) Movement Treading (200) Ox2 Location -9/Materials Parts ------- > --- POWER (1) -------- Ion Engine > --- PROPULSION (2) --- Light Treads > --- UTILITY (4) ------ Heat Sink Heat Sink Large Storage Unit Large Storage Unit > --- WEAPON (2) ------- Heavy Assault Rifle Mini Grenade Launcher > --- INVENTORY (16) --- Light Treads Medium Matter Pod (16) Beam Rifle Beam Rifle Grenade Launcher Peak State ------------ > --- POWER ------------ Ion Engine > --- PROPULSION ------- Light Treads Light Treads > --- UTILITY ---------- Heat Sink Heat Sink Large Storage Unit Large Storage Unit > --- WEAPON ----------- Heavy Assault Rifle Heavy Assault Rifle > --- INVENTORY -------- Ion Engine Light Treads Light Treads Medium Matter Pod Beam Rifle Beam Rifle Grenade Launcher Mini Grenade Launcher [Rating: 12] Favorites ----------- Power Ion Engine Engine Ion Engine Propulsion Light Treads Treads Light Treads Utility Small Storage Unit Device Heat Sink Storage Small Storage Unit Weapon Medium Laser Energy Gun Medium Laser Ballistic Gun Heavy Assault Rifle Launcher Grenade Launcher Build | -11 -10 -9 ------- Run | Scr Mat Mat Slots Evolved 2 | . . 2 Power . | . . . Propulsion . | . . . Utility 2 | . . 2 Weapon . | . . . Parts Attached 25 | 7 4 14 Power 2 | 1 . 1 Engine 2 | 1 . 1 Core . | . . . Reactor . | . . . Propulsion 3 | 2 . 1 Treads 3 | 2 . 1 Leg . | . . . Wheel . | . . . Hover . | . . . Flight . | . . . Utility 5 | 1 . 4 Device 2 | . . 2 Storage 3 | 1 . 2 Processor . | . . . Hackware . | . . . Protection . | . . . Artifact . | . . . Weapon 15 | 3 4 8 Energy Gun 4 | 2 1 1 Energy Cannon . | . . . Ballistic Gun 7 | 1 2 4 Ballistic Cannon . | . . . Launcher 4 | . 1 3 Special Weapon . | . . . Impact Weapon . | . . . Slashing Weapon . | . . . Piercing Weapon . | . . . Special Melee Weapon . | . . . Unidentified Prototypes . | . . . Parts Lost 4 | . . 4 Power 1 | . . 1 Propulsion 2 | . . 2 Utility . | . . . Weapon 1 | . . 1 Highest Loss Streak 4 | . . 4 Average Slot Usage (%) 86 | . 85 87 Engine 12 | . 14 10 Treads 24 | . 28 21 Device 8 | . . 17 Storage 15 | . 14 16 Energy Gun 12 | . 16 6 Ballistic Gun 12 | . 10 14 Naked Turns . | . . . Heaviest Build 45 | 13 14 45 Greatest Support 40 | 40 40 40 Greatest Overweight (x) 1 | . . 1 Average Overweight (x) . | . . . Largest Inventory Capacity 16 | 6 6 16 Average Capacity 7 | 5 6 10 Most Carried 8 | 6 6 8 Average Carried 5 | 3 5 6 Final Capacity 16 | 6 6 16 Final Carried 6 | 6 6 5 Class Distribution -------------------- 68% | Mutant 31% | Scavenger-Mutant Dominant Class ---------------- Mutant | -10/Materials Scavenger-Mutant | -9/Materials Resources | -11 -10 -9 ----------- Run | Scr Mat Mat Matter Collected 421 | 199 108 114 Remotely . | . . . Salvage Created 346 | . 113 233 Parts 30 | . 8 22 Haulers Intercepted . | . . . Recyclers Shooed 1 | . 1 . Parts Field Recycled . | . . . Retrieved Matter . | . . . Parts Self-Destructed . | . . . Prevented . | . . . Kills | -11 -10 -9 ------- Run | Scr Mat Mat Combat Hostiles Destroyed 13 | . 4 9 Guns 4 | . 2 2 AOE 9 | . 2 7 Classes Destroyed 5 | . 3 2 Builder 2 | . . 2 Operator 2 | . 2 . Swarmer 6 | . 2 4 Grunt 4 | . 2 2 Sentry 3 | . . 3 Best Kill Streak 6 | . 2 6 Combat Bots Only 3 | . 2 3 Max Kills in Single Turn 3 | . 1 3 Gunslinging . | . . . Exploded 3 | . 1 3 Melee . | . . . Uniques/NPCs Destroyed . | . . . Combat | -11 -10 -9 -------- Run | Scr Mat Mat Damage Taken 840 | . 133 707 Core 168 | . 20 148 Absorbed by Shields . | . . . Core Remaining (%) 96 | 100 92 . Volleys Fired 39 | . 18 21 Largest 2 | . 2 2 Hottest 90 | . 90 79 Shots Fired 70 | . 34 36 Gun 62 | . 32 30 Cannon . | . . . Launcher 8 | . 2 6 Special . | . . . Kinetic 38 | . 14 24 Thermal 22 | . 16 6 Explosive 8 | . 2 6 Electromagnetic 2 | . 2 . Robot Hit Streak 23 | . 6 23 Robot Miss Streak 4 | . 3 4 Penetration Max . | . . . Secondary Targets . | . . . Shots Hit Robots 43 | . 20 23 Core Hits 32 | . 13 19 Critical Hits . | . . . Critical Kills . | . . . Critical Parts Destroyed . | . . . Melee Attacks . | . . . Impact . | . . . Slashing . | . . . Piercing . | . . . Sneak Attacks . | . . . Combat Hostiles . | . . . Follow-up Attacks . | . . . Damage Inflicted 1716 | 7 452 1257 Guns 643 | . 254 389 Cannons . | . . . Explosions 1049 | . 186 863 Melee . | . . . Ramming 24 | 7 12 5 Kinetic 359 | . 52 307 Thermal 408 | . 189 219 Explosive 912 | . 186 726 Electromagnetic 13 | . 13 . Impact . | . . . Slashing . | . . . Piercing . | . . . Highest Corruption . | . . . Average Corruption . | . . . Corruption Purged . | . . . Overload Shots . | . . . Overflow Damage 137 | . 12 125 Projectiles . | . . . Explosions 137 | . 12 125 Melee . | . . . Knockbacks . | . . . Impact . | . . . Kinetic . | . . . Secondary . | . . . Self-Inflicted Damage 77 | . . 77 Shots 2 | . . 2 Rammed 5 | 1 3 1 Targets Rammed 5 | 1 3 1 Kicked . | . . . Crushed . | . . . Highest Temperature 68 | . 68 35 Average Temperature 26 | . 27 20 Received Heat Transfer 321 | . 24 297 Siege Activations . | . . . Robots Corrupted . | . . . Combat Hostiles . | . . . Parts Fried . | . . . Impact Corruptions . | . . . Robots Melted . | . . . Combat Hostiles . | . . . Parts Melted . | . . . Heat Transferred 877 | . 555 322 Parts Sabotaged . | . . . Parts Stolen . | . . . Parts Stripped . | . . . Power Chain Reactions . | . . . Missiles Intercepted . | . . . Alert | -11 -10 -9 ------- Run | Scr Mat Mat Peak Influence 433 | . 246 433 Initial 103 | . . 103 Average 133 | . 121 184 Maximum Alert Level 2 | . 1 2 Low Security (%) 82 | 100 82 78 Level 1 16 | . 17 20 Level 2 . | . . 1 Level 3 . | . . . Level 4 . | . . . Level 5 . | . . . High Security . | . . . Max Security . | . . . Squads Dispatched 4 | . 2 2 Investigation . | . . . Extermination . | . . . Reinforcement 4 | . 2 2 Assault . | . . . Garrison . | . . . Intercept . | . . . Construction Impeded . | . . . Haulers Reinforced . | . . . Stealth | -11 -10 -9 --------- Run | Scr Mat Mat Distress Signals 4 | . 1 3 Communications Jammed . | . . . Distress Signals . | . . . Times Spotted 37 | . 18 19 Peak Tracking Total 6 | . 5 6 Tactical Retreats 6 | . 5 1 Traps | -11 -10 -9 ------- Run | Scr Mat Mat Traps Triggered . | . . . Indirectly . | . . . Trap Hack Attempts . | . . . Triggered . | . . . Disarmed . | . . . Reprogrammed . | . . . Reused . | . . . Traps Extracted . | . . . Installed . | . . . Triggered . | . . . Machines | -11 -10 -9 ---------- Run | Scr Mat Mat Machines Disabled 3 | . . 3 Max in Single Turn 3 | . . 3 Machines Sabotaged . | . . . Garrisons Compromised . | . . . Overloaded Fab Kills . | . . . Fab Network Shutdowns . | . . . Hacking | -11 -10 -9 --------- Run | Scr Mat Mat Machines Accessed 4 | . 2 2 Terminals 3 | . 1 2 Fabricators . | . . . Repair Stations . | . . . Recycling Units 1 | . 1 . Scanalyzers . | . . . Garrison Access . | . . . Total Hacks 8 | . 3 5 Successful 3 | . 2 1 Failed 5 | . 1 4 Catastrophic . | . . . Database Lockouts . | . . . Manual 6 | . 1 5 Terminals 7 | . 2 5 Fabricators . | . . . Repair Stations . | . . . Recycling Units 1 | . 1 . Scanalyzers . | . . . Garrison Access . | . . . Terminal Hacks . | . . . Fabricator Hacks . | . . . Repair Station Hacks . | . . . Recycling Unit Hacks 1 | . 1 . Report Inventory 1 | . 1 . Scanalyzer . | . . . Garrison Access Hacks . | . . . Unauthorized Hacks 2 | . 1 1 Terminals 2 | . 1 1 Operators 2 | . 1 1 Fabricators . | . . . Repair Stations . | . . . Recycling Units . | . . . Scanalyzers . | . . . Garrison Access . | . . . Data Cores Recovered . | . . . Used . | . . . Hacking Detections 4 | . 2 2 Full Trace Events . | . . . Feedback Events . | . . . Feedback Blocked . | . . . Robot Schematics Acquired . | . . . Robots Built . | . . . Matter . | . . . Time . | . . . Total Robot Build Rating . | . . . Part Schematics Acquired . | . . . Parts Built . | . . . Matter . | . . . Time . | . . . Total Part Build Rating . | . . . Parts Repaired . | . . . Time . | . . . Parts Recycled . | . . . Recycled Matter . | . . . Retrieved Matter . | . . . Retrieved Components . | . . . Parts Scanalyzed . | . . . Part Schematics Acquired . | . . . Parts Damaged . | . . . Bothacking | -11 -10 -9 ------------ Run | Scr Mat Mat Used RIF Installer . | . . . Robots Hacked . | . . . Non-combat . | . . . Combat . | . . . Robot Hacks Applied . | . . . Relay Couplers Released . | . . . Robots Rewired . | . . . Allies Hacked . | . . . Hacks Repelled . | . . . Allies | -11 -10 -9 -------- Run | Scr Mat Mat Total Allies . | . . . Largest Group . | . . . Highest-Rated Group . | . . . Highest-Rated Ally . | . . . Total Orders . | . . . Ally Attacks . | . . . Total Damage . | . . . Kills . | . . . Allies Corrupted . | . . . Allies Melted . | . . . Intel | -11 -10 -9 ------- Run | Scr Mat Mat Robot Analysis Total . | . . . Derelict Logs Recovered . | . . . Drone Launches . | . . . Drone Recoveries . | . . . Exploration | -11 -10 -9 ------------- Run | Scr Mat Mat Turns Passed 856 | 101 395 360 Spaces Moved 417 | 54 201 162 Core 2 | 2 . . Treads 415 | 52 201 162 Legs . | . . . Wheels . | . . . Hover . | . . . Flight . | . . . Fastest Speed 50 | 50 160 160 Average Speed 162 | 155 160 166 Slowest Speed 180 | 160 160 180 Overloaded Moves . | . . . Propulsion Burnouts . | . . . Robots Hopped . | . . . Cave-ins Triggered . | . . . Exploration Rate (%) 19 | 5 32 22 Regions Visited 2 Branch Regions . Pre-discovered Areas . | . . . Known Exits Taken . | . . . Unknown Exits Taken 2 | 1 1 . Scrap Searched . | . . . Spaces Dug . | . . . Terrain Destroyed 89 | . 10 79 Melee . | . . . Projectile . | . . . AOE 89 | . 10 79 Terrain Rammed . | . . . Walls Destroyed . | . . . Machines Disabled . | . . . Actions | -11 -10 -9 --------- Run | Scr Mat Mat Total 521 | 67 241 213 Wait 16 | . 12 4 Move 416 | 54 200 162 Hop . | . . . Pick Up 11 | 5 2 4 Fast Attach 13 | 7 . 6 Attach 3 | . . 3 Detach 2 | 1 . 1 Swap 9 | . 4 5 Drop 8 | . 2 6 Fire 39 | . 18 21 Melee . | . . . Ram . | . . . Kick . | . . . Crush 4 | . 3 1 Escape Stasis . | . . . Rewire . | . . . Trap . | . . . Miscellaneous . | . . . Route ------- -11/Scrapyard -10/Materials -9/Materials History --------- Turn | Location | Event 28 | -11/Scrapyard | Discovered new exit (range 15) 102 | -11/Scrapyard | Entered Materials 317 | -10/Materials | Build established: Mutant 343 | -10/Materials | Discovered new exit (range 16) 497 | -10/Materials | Entered another Materials area 497 | -9/Materials | Evolved 2 slots: Utility x2 857 | -9/Materials | Self-destructed Last Messages --------------- 00835_ Destroyed Heat Sink. 00835_ Terminal disabled. 00835_ Destroyed Welding Torch. 00835_ K-01 Serf collects debris. 00841_ M-13 Machinist fits Backup Laser I on G-34 Mercenary. 00842_ K-01 Serf collects debris. 00843_ M-13 Machinist fits Backup Power I on G-34 Mercenary. 00845_ Lgt. Treads destroyed. 00845_ U-05 Engineer lays Concrete. 00846_ U-05 Engineer destroyed. 00846_ K-01 Serf collects debris. 00847_ M-13 Machinist sends out distress signal. 00849_ K-01 Serf collects debris. 00850_ Hvy. Assault Rifle destroyed. 00853_ K-01 Serf collects debris. 00853_ G-34 Mercenary destroyed. 00853_ Destroyed Flight Unit. 00853_ Destroyed Lgt. Ion Engine. 00853_ S-10 Pest destroyed. 00857_ K-01 Serf collects debris. Map ----- +----------------------------------------------------+ | ???????????????????????????????????????????????? | | ???????????????????????????????????????????????? | | ???????????????????????????????????????????????? | | ???????????????????????????????????????????????? | | ???????????????????????????????????????????????? | | ???????????????????????????????????????????????? | | ???????????????????????????????????????????????? | | ???????????????????????????????????????????????? | | ???????????????????????????????????????????????? | | ???????????????????????????????????????????????? | | ????????????????????o??? ?????????????????????? | | ???????????????????????? ?????????????????????? | | ???????????????????????? #### ????????????????? | | ??????????????????####+# # ? #?????????????? | | ??????????????????? ? ??????????????? | | ???????????????????? ? ??????????????? | | ????????????????????? ?? "" ?????????? | | ??????????????????????# g # #?# ?????????? | | ????????????????????#### ##;#;;;#????????? | | ???????????????###### # # ;;;;;????????? | | ???????????????# %! # g; k ; ???????? | | ????????????????? !! # ; ; ???????? | | ??????????????????? ! # ; ; ??????? | | ???????????????# #!= ; #??????? | | ???????????????# +%|* ; #??????? | | ?????????????????? """ #@= ; #?????? | | ????????????????????????# = ; #??????? | | ????????????????????????# ; #??????? | | ?????????????????????o??# ;;##???????? | | ????????????????????????# ##????????? | | ??????????????????####### ######## #?????????? | | ?????????????+ #??????????????????? | | ??????????????????########+#####???????????????? | | ??????????????????????# #???????????????? | | ??????????????????????# """"" !#???????????????? | | ??????????????????????# """"" #???????????????? | | ??????????????????????# """"" #???????????????? | | ??????????????????????# #???????????????? | | ??????????????????????# """"" #???????????????? | | ??????????????????????# """"" #???????????????? | | ??????????????????????# """"" #???????????????? | | ??????????????????????# #???????????????? | | ??????????????????????######/###???????????????? | | ???????????????????????????# #?????????????????? | | ???????????????????????????# #?????????????????? | | ????????????????####???????# #?????????????????? | | ???????????????##!!#???????# #???######????????? | | ???????????????#! #?????### ###? +????????? | | ???????????????# #?????# # #????????? | | ???????????????# ####### # #????????? | +----------------------------------------------------+ Best States ------------- Heat Dissipation 48 Energy Generation 10 Energy Capacity 250 Matter Stores 300 Matter Capacity 300 Sight Range 16 Terrain Scan Density 10 Evasion (%) 40 Recoil Reduction 2 Item Schematics ----------------- None Robot Schematics ------------------ None Fabricated ------------ Nothing Alien Tech Used ----------------- None Achievements -------------- None Challenges ------------ None Game ------ Seed PhaseAlloyCoupler Manual? 0 Play Time 00:09:12 Cumulative 212.8 hours Start 2021.10.06 @ 13:16:00 End 2021.10.06 @ 13:39:01 Sessions 1 Manual Loads 0 Difficulty Rogue Special Mode None Game No. 269 Rogue 269 Adventurer 0 Explorer 0 Win Type - Total 8 Types 5/0/2/1/0/0/0/0/0 Lore% 84 Gallery% 82 Achievement% 67 Wizard Run 0 Options --------- ASCII 0 Keyboard 0 Movement Arrows Keybinds 0 Fullscreen 1 Font 18/SmallcapsGlow Map View 76x50 Tactical HUD 1 Map Filters NONE Filters NONE Steam 1 RUN: a2e6072f-90d9-46a4-8e5f-e27207b9f76a